 Dungeon Crawl Stone Soup version 0.21.1-1-g345015f (webtiles) character file.

678 MBI the Firebug (level 7, 0/66 HPs)
             Began as a Troll Fire Elementalist on Apr 7, 2018.
             Was an Initiate of Vehumet.
             Slain by an ogre
             ... wielding a +0 giant spiked club
              (22 damage)
             ... on level 5 of the Dungeon.
             The game lasted 00:39:20 (3238 turns).

MBI the Firebug (Troll Fire Elementalist)           Turns: 3238, Time: 00:39:22

Health: 0/66       AC: 11    Str: 17    XL:     7   Next: 34%
Magic:  8/8        EV: 10    Int: 13    God:    Vehumet [......]
Gold:   164        SH:  0    Dex: 10    Spells: 8/9 levels left

rFire    . . .     SeeInvis +   h - +2 mace (protect)
rCold    . . .     Gourm    +   (no shield)
rNeg     . . .     Faith    .   (armour restricted)
rPois    .         Spirit   .   r - +1 hat
rElec    .         Reflect  .   (no cloak)
rCorr    .         Harm     .   (gloves unavailable)
MR       .....                  (boots unavailable)
Stlth    +.........             (no amulet)
HPRegen  0.61/turn              q - ring of see invisible
MPRegen  0.11/turn              (no ring)

@: protection aura
A: large, unfitting armour, claws 3, fast metabolism 3, gourmand, regeneration
1, shaggy fur 1, tough skin 2
a: Renounce Religion


You were on level 5 of the Dungeon.
You worshipped Vehumet.
Vehumet was noncommittal.
You were full.

You visited 2 branches of the dungeon, and saw 6 of its levels.

You collected 164 gold pieces.

Inventory:

Hand Weapons
 h - a +2 mace of protection (weapon)
Missiles
 d - a throwing net (quivered)
Armour
 l - a +0 robe
 r - a +1 hat (worn)
Jewellery
 q - a ring of see invisible (left claw)
Wands
 v - a wand of scattershot (6)
Scrolls
 e - a scroll of blinking {unknown}
 f - a scroll of noise {unknown}
 i - 2 scrolls of magic mapping {unknown}
 m - a scroll of enchant armour {unknown}
 n - a scroll of teleportation {unknown}
 o - a scroll of amnesia {unknown}
 t - a scroll of identify {unknown}
 w - a scroll of remove curse {unknown}
Potions
 a - a potion of might
 g - 4 potions of curing
 j - a potion of berserk rage {unknown}
 k - a potion of ambrosia {unknown}
 p - a potion of haste {unknown}
 u - a potion of lignification {unknown}
Books
 b - a book of Flames

   Spells                             Type                      Level
   a - Flame Tongue                   Conjuration/Fire             1
   b - Throw Flame                    Conjuration/Fire             2
   c - Conjure Flame                  Conjuration/Fire             3
   d - Inner Flame                    Hexes/Fire                   3
   e - Sticky Flame                   Conjuration/Fire             4
   f - Fireball                       Conjuration/Fire             5
Comestibles
 c - 13 rations


   Skills:
 * Level 2.8 Fighting
 * Level 3.0 Maces & Flails
 + Level 2.9 Dodging
 - Level 1.2 Stealth
 - Level 3.0 Unarmed Combat
 + Level 1.6 Spellcasting
 + Level 1.2 Conjurations
 + Level 3.1 Fire Magic


You had 8 spell levels left.
You knew the following spells:

 Your Spells              Type           Power        Failure   Level  Hunger
a - Flame Tongue          Conj/Fire      #....        11%         1    ##.....


Dungeon Overview and Level Annotations

Branches:
Dungeon (5/15)             Temple (1/1) D:4

Altars:
Cheibriados
Dithmenos
Elyvilon
Fedhas
Gozag
Hepliaklqana
Kikubaaqudgha
Makhleb
Nemelex Xobeh
Okawaru
Ru
Sif Muna
Uskayaw
Vehumet
Xom
Zin
The Shining One


Innate Abilities, Weirdness & Mutations

You are too large for most types of armour.
You have claws for hands.
Your metabolism is lightning-fast.
You like to eat raw meat.
Your natural rate of healing is unusually fast.
You are covered in fur. (AC +1)
You have very tough skin. (AC +2)


Message History

The ogre is lightly wounded.
The ogre hits you with a giant spiked club!!
You thump the ogre!
The ogre is severely wounded.
The ogre closely misses you.
A howler monkey zombie comes into view.
You closely miss the ogre.
The ogre is severely wounded.
You hit the ogre but do no damage.
The ogre is severely wounded.
The ogre hits you with a giant spiked club.
The howler monkey zombie closely misses you.
You sock the ogre!
The ogre is almost dead.
The ogre hits you with a giant spiked club!!
* * * LOW HITPOINT WARNING * * *
The howler monkey zombie hits you but does no damage.
It was a potion of curing.
You feel better.
The ogre hits you with a giant spiked club!!
You die...

## .. ###.
... $## .?
....####.#
#....ZO#
#..@#
#..<#
#...#
#####


You could see an ogre and a howler monkey zombie.

Vanquished Creatures
  The ghost of salinator123 the Skirmisher, an amateur HOFi (D:3)
  2 ogres (D:4)
  A scorpion (D:4)
  A howler monkey (D:4)
  A hound (D:4)
  3 orc wizards (D:4)
  3 gnolls (D:2)
  4 adders
  An ooze (D:2)
  2 adder zombies (D:1)
  2 worms
  2 dart slugs (D:1)
  2 leopard geckos
  10 orcs
  5 giant cockroaches
  6 goblins
  6 hobgoblins
  2 jackals (D:2)
  A ball python (D:2)
  11 bats
  5 frilled lizards
  7 kobolds
  8 rats
86 creatures vanquished.

Notes
Turn   | Place    | Note
-------+----------+-------------------------------------------
     0 | D:1      | MBI the Troll Fire Elementalist began the quest for the Orb.
     0 | D:1      | Reached XP level 1. HP: 16/16 MP: 1/1
   140 | D:1      | Reached XP level 2. HP: 22/24 MP: 2/2
   402 | D:1      | Reached XP level 3. HP: 23/32 MP: 3/3
   801 | D:2      | Reached skill level 1 in Unarmed Combat
   829 | D:2      | Reached skill level 1 in Fighting
  1003 | D:2      | Reached XP level 4. HP: 34/41 MP: 3/5
  1224 | D:3      | Noticed salinator123's ghost (amateur HOFi)
  1280 | D:3      | Killed salinator123's ghost
  1280 | D:3      | Reached skill level 1 in Conjurations
  1280 | D:3      | Reached XP level 5. HP: 26/49 MP: 3/6
  1320 | D:3      | Found a snail-covered altar of Cheibriados.
  1571 | D:3      | Found a sacrificial altar of Ru.
  1662 | D:3      | Reached XP level 6. HP: 57/57 MP: 7/7
  2113 | D:4      | Reached skill level 1 in Maces & Flails
  2247 | D:4      | Reached XP level 7. HP: 65/66 MP: 5/8
  2304 | D:4      | Found a staircase to the Ecumenical Temple.
  2328 | Temple   | Entered the Ecumenical Temple
  2428 | Temple   | Became a worshipper of Vehumet
  3230 | D:5      | Entered Level 5 of the Dungeon
  3238 | D:5      | Slain by an ogre

Skill      XL: |  1  2  3  4  5  6  7 |
---------------+----------------------+-----
Unarmed Combat | 1 3 |  3.0
Fighting       | 1 2 |  2.8
Dodging        | 2 |  2.9
Conjurations   | 1 |  1.2
Fire Magic     | 3 |  3.1
Maces & Flails | 2 3 |  3.0
Stealth        | |  1.2
Spellcasting   | |  1.6

Action                   |  1- 3 |  4- 6 |  7- 9 || total
-------------------------+-------+-------+-------++-------
Melee: Unarmed           |   118 |    48 |       ||   166
       Punch             |       |     2 |     1 ||     3
       Mace              |       |    70 |    59 ||   129
 Cast: Flame Tongue      |     4 |    15 |     4 ||    23
  Use: Potion            |       |     1 |     1 ||     2
 Stab: Sleeping          |       |     1 |     1 ||     2
  Eat: Chunk             |    15 |    12 |     7 ||    34
Armor: Robe              |    42 |    64 |       ||   106
       Skin              |       |       |    31 ||    31
Dodge: Dodged            |    75 |    73 |    39 ||   187
